 Dungeon Crawl Stone Soup version 0.27.1-2-g3b301248ec (webtiles) character file.

Game seed: 16579338277159577431

9557 GameOver the Covert (level 11, 0/81 HPs)
             Began as a Naga Hedge Wizard on Sept 24, 2021.
             Was a Priest of Kikubaaqudgha.
             Slain by a boulder beetle (58 damage)
             ... on level 11 of the Dungeon.
             The game lasted 00:58:09 (8193 turns).

GameOver the Covert (Naga Hedge Wizard)             Turns: 8193, Time: 00:58:09

Health: 0/81       AC:  9    Str: 13    XL:     11   Next: 48%
Magic:  22/31      EV: 10    Int: 17    God:    Kikubaaqudgha [***...]
Gold:   638        SH:  0    Dex: 17    Spells: 7/25 levels left

rFire    . . .     SeeInvis +   q - +6 hand crossbow (vorpal)
rCold    . . .     Faith    .   (no shield)
rNeg     . . .     Spirit   .   B - +2 steam dragon scales
rPois    +         Reflect  .   c - +0 helmet
rElec    .         Harm     .   h - scarf {repulsion}
rCorr    .         Rampage  .   (no gloves)
Will     +....                  (no barding)
Stlth    ++++......             (no amulet)
HPRegen  0.23/turn              o - +6 ring of dexterity
MPRegen  0.22/turn              f - ring of magical power

@: short of breath, portalling projectiles, repel missiles, very slow
A: AC +3, large, see invisible, deformed body, poison resistance, slowness 2,
spit poison 1, naga tail 1
a: Spit Poison, Renounce Religion, Receive Corpses


You were on level 11 of the Dungeon.
You worshipped Kikubaaqudgha.
Kikubaaqudgha was most pleased with you.
You visited 2 branches of the dungeon, and saw 12 of its levels.

You collected 809 gold pieces.
You spent 171 gold pieces at shops.

Inventory:

Hand Weapons
 k - a +1 dagger of electrocution
 q - a +6 vorpal hand crossbow (weapon)
 s - a +2 scimitar of flaming
 w - a +1 long sword of flaming
 W - a +2 dagger of venom
Missiles
 M - 7 bolts (quivered ammo)
Armour
 c - a +0 helmet (worn)
 h - a scarf of repulsion (worn)
 B - +2 steam dragon scales (worn)
Jewellery
 f - a ring of magical power (right hand)
 n - a ring of flight
 o - a +6 ring of dexterity (left hand)
 F - an amulet of reflection
Wands
 v - a wand of iceblast (23)
 y - a wand of mindburst (12)
 E - a wand of digging (6)
 J - a wand of paralysis (10)
Scrolls
 b - a scroll of immolation {unknown}
 d - a scroll of fog {unknown}
 i - a scroll of noise {unknown}
 j - 2 scrolls of brand weapon
 m - 2 scrolls of vulnerability {unknown}
 p - 2 scrolls of magic mapping {unknown}
 r - 2 scrolls of teleportation {unknown}
 t - 2 scrolls of fear
 x - 4 scrolls of torment
 A - 2 scrolls of blinking
 H - a scroll of holy word {unknown}
Potions
 a - a potion of cancellation {unknown}
 e - a potion of might
 g - 2 potions of ambrosia
 l - 2 potions of lignification {unknown}
 z - a potion of heal wounds {unknown}
 D - a potion of attraction {unknown}
 I - a potion of invisibility {unknown}
 K - a potion of brilliance {unknown}
 L - 6 potions of curing


   Skills:
 - Level 4.0 Long Blades
 + Level 4.0 Crossbows
 - Level 1.5 Dodging
 - Level 9.0 Stealth
 + Level 7.7 Spellcasting
 - Level 6.0 Conjurations
 * Level 5.4 Hexes
 - Level 1.0 Summonings
 + Level 6.3 Necromancy
 * Level 5.4 Translocations
 - Level 9.0 Poison Magic


You had 7 spell levels left.
You knew the following spells:

 Your Spells              Type           Power      Damage    Failure   Level
a - Magic Dart            Conj           100%       1d8       1%          1
b - Blink                 Tloc           N/A        N/A       1%          2
c - Dispel Undead         Necr           28%        3d13      8%          4
d - Mephitic Cloud        Conj/Pois/Air  23%        N/A       4%          3
x - Portal Projectile     Hex/Tloc       50%        N/A       3%          3
C - Vampiric Draining     Necr           14%        2d8       2%          3
Z - Sublimation of Blood  Necr           14%        N/A       1%          2

Your spell library contained the following spells:

 Spells                   Type           Power      Damage    Failure   Level
 Pain                     Necr           100%       1d9       1%          1
 Slow                     Hex            25%        N/A       1%          2
 Corpse Rot               Necr/Air       N/A        N/A       4%          2
 Static Discharge         Conj/Air       16%        N/A       4%          2
 Animate Dead             Necr           14%        N/A       8%          4
 Conjure Flame            Conj/Fire      16%        6-21      10%         3
 Iskenderun's Mystic Bla  Conj/Tloc      26%        2d7       10%         4
 Call Imp                 Summ           10%        N/A       11%         2
 Fulminant Prism          Conj/Hex       13%        3d9       11%         4
 Passage of Golubria      Tloc           N/A        N/A       11%         4
 Agony                    Necr           28%        N/A       22%         5
 Excruciating Wounds      Necr           14%        N/A       22%         5
 Sticky Flame             Conj/Fire      16%        2d4       30%         4
 Borgnjor's Vile Clutch   Necr/Erth      8%         N/A       63%         5
 Irradiate                Conj/Tmut      8%         3d16      65%         5
 Blade Hands              Tmut           3%         N/A       96%         5
 Lee's Rapid Deconstruct  Erth           3%         3d6*      96%         5
 Dragon Form              Tmut           3%         N/A       100%        7
 Dragon's Call            Summ           5%         N/A       100%        9


Dungeon Overview and Level Annotations

Branches:
Dungeon (11/15)            Temple (0/1) D:6            Lair (1/6) D:8
    Orc (0/2) D:10

Altars:
Cheibriados
Fedhas
Hepliaklqana
Kikubaaqudgha
Qazlal
Trog
Xom
Yredelemnul
Zin

Shops:
D:5 [   D:11 *

Annotations:
D:5 exclusion: oklob plant
D:6 2 transporters


Innate Abilities, Weirdness & Mutations

Your serpentine skin is tough. (AC +3)
You have supernaturally acute eyesight. (SInv)
Armour fits poorly on your strangely shaped body.
Your system is resistant to poisons. (rPois)
You cover ground very slowly.
You can spit poison.
You have a snake-like lower body.


Message History

There is an open door here.
You open the door.
There is an open door here.
Found Zin's Purification Station.
There is an open door here.
Your +2 dagger of venom stops dripping with poison.
q - a +6 vorpal hand crossbow (weapon)
Casting: Vampiric Draining (mildly dangerous; 2% risk of failure)
Confirm with . or Enter, or press ? or * to list all spells.
You begin teleporting projectiles to their destination.
Casting: Portal Projectile (mildly dangerous; 3% risk of failure)
Confirm with . or Enter, or press ? or * to list all spells.
You renew your portal.
You magically shoot a bolt.
The bolt hits the boulder beetle.
The boulder beetle is lightly wounded.
The boulder beetle curls into a ball and begins rolling!
Press: ? - help, Shift-Dir - straight line, f - you, p - boulder beetle
Okay, then.
You magically shoot a bolt.
The bolt barely misses the boulder beetle.
Press: ? - help, Shift-Dir - straight line, f/p - boulder beetle
Aim: a boulder beetle (lightly wounded, rolling)
The splash of poison hits the boulder beetle but does no damage.
The boulder beetle is lightly wounded.
Casting: Portal Projectile (mildly dangerous; 3% risk of failure)
Confirm with . or Enter, or press ? or * to list all spells.
Aiming: Mephitic Cloud (mildly dangerous; 4% risk of failure)
Press: ? - help, Shift-Dir - straight line, f/p - boulder beetle
Aim: a boulder beetle (rolling, chance to affect: 43%)
Okay, then.
Casting: Mephitic Cloud (mildly dangerous; 4% risk of failure)
Confirm with . or Enter, or press ? or * to list all spells.
You blink.
Found a glowing silver altar of Zin.
Casting: Blink (safe; 1% risk of failure)
Confirm with . or Enter, or press ? or * to list all spells.
You blink.
The boulder beetle hits you!!!
Ouch! That really hurt!
You die...
Kikubaaqudgha rasps: "You have failed me!
Welcome... death!"

.......#.........#
.....###.........#
.....# #.........#
.....# #.........+
.....# #.........#
.....# ##'########
###.## #..# ....#
##+########### #####
#.......@....# ...#
#[......B###.... ...#
#......○##⌠# .## ...#
#......○.#_#..#. ...#
#......#○(......
...######>...?.○......#
...'....'.........∩...#
...######......#.....##
#### #......##...##


You could see a boulder beetle (rolling).

Vanquished Creatures
  Erica (D:11)
  A two-headed ogre (D:8)
  Pikel (D:4)
  Maggie (D:6)
  An unseen horror (D:11)
  A troll (D:10)
  A hornet (D:9)
  A wraith (D:10)
  11 yaks
  A wyvern (D:10)
  4 steam dragons
  Edmund (D:6)
  An acid dragon (D:10)
  A water moccasin (D:8)
  6 orc warriors
  2 sky beasts
  2 necrophages
  An ogre (D:6)
  An ice beast (D:6)
  11 centaurs
  4 kobold brigands
  4 bullfrogs
  A scorpion (D:6)
  8 killer bees
  5 wights (D:10)
  An electric eel (D:8)
  4 howler monkeys
  3 hounds
  2 centaur zombies
  9 orc priests
  A centaur skeleton (D:7)
  A gnoll shaman (D:5)
  A jelly (D:5)
  A bullfrog skeleton (D:4)
  An iguana (D:5)
  12 orc wizards
  A killer bee zombie (D:6)
  A howler monkey zombie (D:10)
  9 gnolls
  7 adders
  A shadow imp (D:8)
  2 white imps
  A worm (D:4)
  2 dart slugs (D:3)
  33 orcs
  6 ball pythons
  5 bats
  4 endoplasms
  5 giant cockroaches
  8 goblins
  5 hobgoblins
  6 quokkas
  5 frilled lizards
  27 kobolds
  7 rats
243 creatures vanquished.

Notes
Turn   | Place    | Note
-------+----------+-------------------------------------------
     0 | D:1      | GameOver the Naga Hedge Wizard began the quest for the Orb.
     0 | D:1      | Reached XP level 1. HP: 15/15 MP: 4/4
   388 | D:1      | Reached XP level 2. HP: 22/22 MP: 6/6
   838 | D:2      | Reached XP level 3. HP: 25/28 MP: 1/7
   841 | D:2      | Learned a level 2 spell: Blink
   845 | D:2      | Learned a level 3 spell: Mephitic Cloud
  1182 | D:2      | Reached XP level 4. HP: 29/36 MP: 4/8
  1850 | D:3      | Found a faded altar of an unknown god.
  1931 | D:3      | Reached XP level 5. HP: 42/42 MP: 9/9
  2362 | D:4      | Reached skill level 1 in Poison Magic
  2408 | D:4      | Reached skill level 5 in Conjurations
  2457 | D:4      | Reached XP level 6. HP: 17/49 MP: 2/10
  2572 | D:4      | Found an ancient bone altar of Kikubaaqudgha.
  2576 | D:4      | Became a worshipper of Kikubaaqudgha
  2600 | D:4      | Found a stormy altar of Qazlal.
  2847 | D:4      | Noticed Pikel
  2871 | D:4      | Killed Pikel
  2872 | D:4      | Reached skill level 5 in Poison Magic
  2872 | D:4      | Reached XP level 7. HP: 34/55 MP: 7/11
  2944 | D:4      | Found a hazy altar of Hepliaklqana.
  2944 | D:4      | Found a snail-covered altar of Cheibriados.
  2990 | D:5      | Entered Level 5 of the Dungeon
  3096 | D:5      | Found a basalt altar of Yredelemnul.
  3200 | D:5      | Reached XP level 8. HP: 54/62 MP: 5/12
  3398 | D:5      | Found a blossoming altar of Fedhas.
  3415 | D:5      | Noticed an oklob plant
  3607 | D:5      | Found Edeehiz's Antique Armour Shoppe.
  3612 | D:5      | Bought a shimmering robe for 171 gold pieces
  3612 | D:5      | Identified the +1 robe of Impermeability {rN+} (You bought
                  | it in a shop on level 5 of the Dungeon)
  4076 | D:6      | Noticed Maggie
  4089 | D:6      | Killed Maggie
  4115 | D:6      | Found a transporter.
  4143 | D:6      | Noticed Edmund
  4199 | D:6      | Killed Edmund
  4279 | D:6      | Found a transporter.
  4333 | D:6      | Reached XP level 9. HP: 68/68 MP: 11/15
  4362 | D:6      | Found a shimmering altar of Xom.
  4362 | D:6      | Found a bloodstained altar of Trog.
  4586 | D:6      | Found a staircase to the Ecumenical Temple.
  4696 | D:6      | Reached skill level 1 in Long Blades
  4920 | D:7      | Reached * piety under Kikubaaqudgha
  4920 | D:7      | Received a gift from Kikubaaqudgha
  4994 | D:7      | Reached skill level 5 in Spellcasting
  5042 | D:7      | Got the Reference Book on the Dislocated Entourage
  5525 | D:8      | Noticed a two-headed ogre
  5576 | D:8      | Reached skill level 1 in Necromancy
  5581 | D:8      | Killed a two-headed ogre
  5587 | D:8      | Learned a level 4 spell: Dispel Undead
  5591 | D:8      | Learned a level 3 spell: Vampiric Draining
  5601 | D:8      | Reached XP level 10. HP: 60/75 MP: 4/19
  5616 | D:8      | Found a staircase to the Lair.
  5772 | D:8      | Reached ** piety under Kikubaaqudgha
  5818 | D:7      | Learned a level 3 spell: Portal Projectile
  6275 | D:9      | Reached skill level 1 in Crossbows
  6275 | D:9      | Reached skill level 1 in Hexes
  6382 | D:9      | Reached skill level 5 in Necromancy
  6645 | D:9      | Found a glowing silver altar of Zin.
  6762 | D:10     | Entered Level 10 of the Dungeon
  7299 | D:10     | Reached XP level 11. HP: 81/81 MP: 20/22
  7473 | D:10     | Found a staircase to the Orcish Mines.
  7574 | Lair:1   | Entered Level 1 of the Lair of Beasts
  7601 | D:8      | Reached *** piety under Kikubaaqudgha
  7601 | D:8      | Received a gift from Kikubaaqudgha
  7721 | D:11     | Learned a level 2 spell: Sublimation of Blood
  7875 | D:11     | Reached skill level 5 in Translocations
  7904 | D:11     | Reached skill level 5 in Hexes
  8021 | D:11     | Noticed Erica
  8048 | D:11     | Killed Erica
  8132 | D:11     | Noticed a boulder beetle
  8177 | D:11     | Found Zin's Purification Station.
  8191 | D:11     | Found a glowing silver altar of Zin.
  8193 | D:11     | Slain by a boulder beetle

Illustrated notes

Levels and vault maps discovered:
D:1:      minmay_arrival_widening_spiral_wide, layout_loops_corners
D:2:      layout_basic, skrybe_limestone_x, st_stairs_10, minmay_quadrilaterals
D:3:      layout_loops_ring, ebering_ecumenical_altar_abandoned
D:4:      layout_rooms, grunt_qazlal_clouds, kennysheep_mini,
          gammafunk_temple_overflow_statue, minmay_liquid_box, uniq_pikel
D:5:      layout_gridville, tgw_fedhas, mainiacjoe_overflow_six_doors_small,
          serial_shops, shop
D:6:      gammafunk_cloud_chamber, layout_gridville, jmf_multi_god_temple,
          lemuel_temple_firewalk_a, uniq_maggie, uniq_edmund
D:7:      layout_rooms
D:8:      layout_cave_pools, lair_entry_dummy, minmay_crystal_water
D:9:      layout_cave_pools, kennysheep_mini_moat
D:10:     layout_rooms, david_orc_4, minmay_fractal_squares_5
D:11:     layout_roguey, chequers_serial_rivers_room_b, zin_purify, uniq_erica
Lair:1:   layout_chaotic_city

Skill      XL: |  1  2  3  4  5  6  7  8  9 10 11 |
---------------+----------------------------------+-----
Conjurations   | 2 3 4 5 6 |  6.0
Poison Magic   | 1 5 8 9 |  9.0
Stealth        | 7 9 |  9.0
Spellcasting   | 4 6 7 |  7.7
Long Blades    | 4 |  4.0
Translocations | 3 4 5 |  5.4
Necromancy     | 3 5 6 |  6.3
Crossbows      | 3 4 |  4.0
Hexes          | 4 5 |  5.4
Dodging        | |  1.5
Summonings     | |  1.0

Action                   |  1- 3 |  4- 6 |  7- 9 | 10-12 || total
-------------------------+-------+-------+-------+-------++-------
Melee: Dagger            |       |     9 |    29 |   118 ||   156
       Long sword        |       |       |    30 |    68 ||    98
 Fire: Hand crossbow     |       |       |       |    25 ||    25
 Cast: Magic Dart        |    36 |    79 |   117 |    26 ||   258
       Mephitic Cloud    |       |     1 |    16 |    48 ||    65
       Dispel Undead     |       |       |       |    12 ||    12
       Vampiric Draining |       |       |       |    15 ||    15
       Portal Projectile |       |       |       |     7 ||     7
       Blink             |       |       |       |     6 ||     6
 Abil: Spit Poison       |    23 |    46 |    50 |    72 ||   191
  Use: Potion            |       |       |     2 |       ||     2
       Scroll            |       |       |       |    13 ||    13
 Stab: Confused          |       |       |     3 |    19 ||    22
       Sleeping          |       |       |       |     1 ||     1
Armor: Robe              |     2 |     9 |    19 |     7 ||    37
       Steam dragon scal |       |       |       |    82 ||    82
Dodge: Dodged            |     6 |    19 |    52 |   123 ||   200
       Repelled          |       |     1 |     2 |     4 ||     7
       Rpst.: Long sword |       |       |     8 |    14 ||    22
